 Dungeon Crawl Stone Soup version 0.27-a0-1139-g28e009f8a6 (webtiles) character file.

Game seed: 470089174090356437

212 leviel the Firebug (level 5, -7/38 HPs)
             Began as a Demigod Fire Elementalist on May 7, 2021.
             Killed by divine providence
             ... invoked by an orc priest
              (15 damage)
             ... on level 4 of the Dungeon.
             The game lasted 00:09:11 (4172 turns).

leviel the Firebug (Demigod Fire Elementalist)      Turns: 4172, Time: 00:09:12

Health: -7/38      AC:  2    Str:  9    XL:     5   Next: 31%
Magic:  8/12       EV: 16    Int: 21    God:
Gold:   82         SH:  5    Dex: 14    Spells: 6/10 levels left

rFire    . . .     SeeInvis .   n - staff of poison
rCold    . . .     Faith    .   (no shield)
rNeg     . . .     Spirit   .   a - +0 robe
rPois    +         Reflect  +   g - +0 hat
rElec    .         Harm     .   (no cloak)
rCorr    .         Rampage  .   (no gloves)
Will     .....                  (no boots)
Stlth    ++........             i - amulet of reflection
HPRegen  0.12/turn              e - +4 ring of evasion
MPRegen  0.13/turn              (no ring)

@: no status effects
A: high mp 1, forlorn
a: no special abilities


You were on level 4 of the Dungeon.
You visited 1 branch of the dungeon, and saw 4 of its levels.

You collected 82 gold pieces.

Inventory:

Armour
 a - a +0 robe (worn)
 g - a +0 hat (worn)
Magical Staves
 n - a staff of poison (weapon)
Jewellery
 e - a +4 ring of evasion (left hand)
 i - an amulet of reflection (around neck)
Wands
 k - a wand of iceblast (8)
 l - a wand of mindburst (14)
Scrolls
 b - a scroll of summoning {unknown}
 c - 4 scrolls of identify {unknown}
 d - a scroll of amnesia {unknown}
 j - a scroll of teleportation {unknown}
Potions
 f - 2 potions of curing {unknown}
 h - a potion of brilliance {unknown}
 m - a potion of flight {unknown}


   Skills:
 + Level 2.2 Dodging
 + Level 2.2 Stealth
 + Level 0.6 Shields
 + Level 0.3 Unarmed Combat
 + Level 3.2 Spellcasting
 + Level 2.3 Conjurations
 + Level 3.6 Fire Magic


You had 6 spell levels left.
You knew the following spells:

 Your Spells              Type           Power      Damage    Failure   Level
a - Foxfire               Conj/Fire      60%        2x1d7     3%          1
b - Mephitic Cloud        Conj/Pois/Air  10%        N/A       28%         3

Your spell library contained the following spells:

 Spells                   Type           Power      Damage    Failure   Level
 Magic Dart               Conj           52%        1d5       4%          1
 Conjure Flame            Conj/Fire      15%        6-21      12%         3
 Summon Small Mammal      Summ           12%        N/A       13%         1
 Inner Flame              Hex/Fire       10%        N/A       19%         3
 Blink                    Tloc           N/A        N/A       21%         2
 Call Imp                 Summ           3%         N/A       21%         2
 Slow                     Hex            3%         N/A       21%         2
 Call Canine Familiar     Summ           3%         N/A       36%         3
 Summon Guardian Golem    Hex/Summ       3%         N/A       36%         3
 Sticky Flame             Conj/Fire      15%        2d4       36%         4
 Fireball                 Conj/Fire      7%         3d5       71%         5
 Summon Ice Beast         Ice/Summ       3%         N/A       78%         4
 Summon Lightning Spire   Summ/Air       3%         N/A       78%         4


Dungeon Overview and Level Annotations

Branches:
Dungeon (4/15)
 Temple: D:4-7


Innate Abilities, Weirdness & Mutations

Your attributes grow dramatically as you level up.
You have an increased reservoir of magic. (+10% MP)
You shall have no god before yourself.


Message History

An orc priest comes into view. It is wielding a +0 short sword.
You conjure some foxfire!
The orc priest shouts!
An orc comes into view. It is wielding a +0 short sword.
You conjure some foxfire!
The orc shouts!
You conjure some foxfire!
The foxfire hits the orc priest.
The orc priest is lightly wounded.
The foxfire hits the orc priest.
The orc priest is lightly wounded.
The orc priest invokes the aid of Beogh against you.
Pain shoots through your body!
You conjure some foxfire!
Your foxfire dissipates!
The foxfire hits the orc!
You kill the orc!
The foxfire hits the orc priest.
The orc priest is moderately wounded.
The foxfire hits the orc priest.
The orc priest is heavily wounded.
Your foxfire dissipates!
You closely miss the orc priest.
The orc priest is heavily wounded.
The foxfire hits the orc priest.
The orc priest is severely wounded.
You hit the orc priest but do no damage.
The orc priest is severely wounded.
The orc priest misses you.
The orc priest invokes the aid of Beogh against you.
Beogh smites you!
* * * LOW HITPOINT WARNING * * *
The orc priest mumbles some strange prayers to Beogh against you.
Pain shoots through your body!
* * * LOW HITPOINT WARNING * * *
You are too injured to fight recklessly!
Unknown command.
The orc priest begins to cast a cantrip, but forgets the words!
The orc priest mumbles some strange prayers to Beogh against you.
Beogh smites you!
You die...

### .# ... ..# ..#
. ###.. #.# ..# ..
.<..###.##).#### ..
....##.#.)..... #.
#...#.#!......
.##..♣..†♣.o......#
........).....#####
#...÷@o....##
##.......###
##..♣..## ##...##
#####


You could see an orc priest and an orc.

Vanquished Creatures
  2 hounds (D:4)
  A hound skeleton (D:4)
  Robin (D:2)
  2 adders
  A howler monkey skeleton (D:4)
  An adder skeleton (D:4)
  A dart slug (D:4)
  3 orcs
  7 bats
  7 endoplasms
  7 giant cockroaches
  13 goblins
  7 hobgoblins
  9 jackals
  4 kobolds (D:2)
  A quokka (D:1)
  8 ball pythons
  3 frilled lizards
  7 rats
85 creatures vanquished.

Vanquished Creatures (others)
  305 foxfires
305 creatures vanquished.

Grand Total: 390 creatures vanquished

Notes
Turn   | Place    | Note
-------+----------+-------------------------------------------
     0 | D:1      | leviel the Demigod Fire Elementalist began the quest for
                  | the Orb.
     0 | D:1      | Reached XP level 1. HP: 14/14 MP: 5/5
   380 | D:1      | Reached XP level 2. HP: 20/20 MP: 3/7
   664 | D:1      | Reached skill level 1 in Conjurations
  1387 | D:2      | Reached XP level 3. HP: 26/26 MP: 3/9
  1543 | D:2      | Noticed Robin
  1549 | D:2      | Killed Robin
  2470 | D:2      | Reached XP level 4. HP: 33/33 MP: 7/10
  4035 | D:4      | Reached XP level 5. HP: 27/38 MP: 5/12
  4059 | D:4      | Learned a level 3 spell: Mephitic Cloud
  4172 | D:4      | Killed from afar by an orc priest

Illustrated notes

Levels and vault maps discovered:
D:1:      lemuel_arrival_hallway, layout_rooms, minmay_tromino_v7
D:2:      layout_rooms, uniq_robin
D:3:      layout_loops_cross, serial_co_window_serial, co_window_cross_1,
          co_window_paths_a, co_window_paths_a, co_window_of_opportunity_a,
          co_window_corner_a, co_window_corner_ca, co_window_unsneaky_path_e,
          co_window_paths_c, co_window_4corner_a, glass_columns_a,
          glass_columns_c, minmay_checkerbox
D:4:      layout_loops_ring, marbit_many_paths, vehumet_statue,
          grunt_ministairs_1

Skill      XL: |  1  2  3  4 |
---------------+-------------+-----
Spellcasting   | 2 3 |  3.2
Stealth        | 2 |  2.2
Conjurations   | 1 2 |  2.3
Fire Magic     | 3 |  3.6
Dodging        | 2 |  2.2
Shields        | |  0.6
Unarmed Combat | |  0.3

Action                   |  1- 3 |  4- 6 || total
-------------------------+-------+-------++-------
Melee: Unarmed           |    22 |       ||    22
       Staff             |       |     4 ||     4
 Cast: Foxfire           |   114 |    70 ||   184
Armor: Robe              |    18 |     7 ||    25
Dodge: Dodged            |    56 |    24 ||    80
Block: Other             |     3 |    12 ||    15

Table legend: (Time is in decaauts)
 A = Elapsed time spent in this place.
 B = Non-inter-level travel time spent in this place.
 C = Inter-level travel time spent in this place.
 D = Time resting spent in this place.
 E = Time spent auto-exploring this place.
 F = Levels seen in this place.
 G = Mean time per level.
                   A        B        C        D        E       F      G
               +--------+--------+--------+--------+--------+-----+--------+
         Total |   4171 |   4044 |    127 |    964 |   2575 |   4 | 1042.8 |
       Dungeon |   4171 |   4044 |    127 |    964 |   2575 |   4 | 1042.8 |
               +--------+--------+--------+--------+--------+-----+--------+

Top non-repeatable levels by time:
     D:1: 1609 daAuts
     D:2: 1177 daAuts
     D:3: 1152 daAuts
     D:4: 232 daAuts
